 Dungeon Crawl Stone Soup version 0.31-a0-237-g2d982f9f85 (webtiles) character file.

Game seed: 14520194883399810990

236 qw the Shooter (level 5, -3/45 HPs)
             Began as a Minotaur Hexslinger on July 11, 2023.
             Slain by a gnoll
             ... wielding a +0 spear
              (6 damage)
             ... on level 3 of the Dungeon.
             The game lasted 00:00:55 (2143 turns).

qw the Shooter (Minotaur Hexslinger)                Turns: 2143, Time: 00:00:55

Health: -3/45      AC:  5    Str: 10 (12) XL:     5   Next: 77%
Magic:  5/5        EV: 10    Int:  7 (10) God:
Gold:   68         SH:  0    Dex: 15      Spells: 5/6 levels left

rFire   . . .        Y - +1 sling
rCold   . . .        (no shield)
rNeg    . . .        b - +0 ring mail
rPois   .            (helmet restricted)
rElec   .            (no cloak)
rCorr   .            (no gloves)
SInv    .            (no boots)
Will    .....        (no amulet)
Stlth   +            (no ring)
HPRegen 0.27/turn    (no ring)
MPRegen 0.09/turn

%: no passive effects
@: no status effects
A: horns 2, retaliatory headbutt
a: no special abilities


You were on level 3 of the Dungeon.
You visited 1 branch of the dungeon, and saw 3 of its levels.

You collected 68 gold pieces.


Innate Abilities, Weirdness & Mutations

You have a pair of horns on your head.
You reflexively headbutt those who attack you in melee.


   Skills:
 - Level 3.0 Fighting
 + Level 5.2 Ranged Weapons
 - Level 3.2 Armour
 - Level 2.1 Dodging
 - Level 1.0 Spellcasting
 - Level 2.0 Hexes


You had 5 spell levels left.
You knew the following spells:

 Your Spells              Type           Power      Damage    Failure   Level
a - Slow                  Hex            12%        N/A       41%         1

Your spell library contained the following spells:

 Spells                   Type           Power      Damage    Failure   Level
 Inner Flame              Hex/Fire       1%         N/A       90%         3
 Portal Projectile        Hex/Tloc       2%         N/A       90%         3
 Cause Fear               Hex            1%         N/A       99%         4

Inventory:

Hand Weapons
 Y - a +1 sling (weapon)
Armour
 a - a +0 cloak
 b - a +0 ring mail (worn)
Wands
 k - a wand of digging (5)
Scrolls
 e - a scroll of identify
Potions
 f - 2 potions of mutation
 g - a potion of curing
 j - a potion of resistance {unknown}

Dungeon Overview and Level Annotations

Branches:
Dungeon (3/15)

Altars:


Message History

You shoot a sling bullet.
The sling bullet barely misses the hobgoblin.
The gnoll hits you from afar with a +0 spear.
The hobgoblin hits you but does no damage.
You shoot a sling bullet.
The sling bullet closely misses the hobgoblin.
The gnoll barely misses you.
The hobgoblin hits you with a staff of conjuration.
You shoot a sling bullet.
The sling bullet closely misses the hobgoblin.
A bat comes into view.
The gnoll completely misses you. The hobgoblin barely misses you.
The bat moves out of view.
You shoot a sling bullet. The sling bullet hits the hobgoblin.
You kill the hobgoblin!
The gnoll hits you from afar with a +0 spear. x2
You shoot a sling bullet.
The sling bullet hits the gnoll but does no damage.
The gnoll is severely wounded.
The gnoll barely misses you.
You shoot a sling bullet.
The sling bullet completely misses the gnoll.
The gnoll barely misses you.
You shoot a sling bullet. The sling bullet hits the gnoll.
The gnoll is almost dead.
The bat closely misses you.
The gnoll hits you from afar with a +0 spear.
You shoot a sling bullet.
The sling bullet closely misses the gnoll.
The bat barely misses you. The gnoll closely misses you.
You shoot a sling bullet.
The sling bullet hits the bat but does no damage.
The bat misses you. The gnoll barely misses you.
The gnoll hits you from afar with a +0 spear.
You shoot a sling bullet.
The sling bullet hits the gnoll but does no damage.
The gnoll is almost dead.
The bat hits you but does no damage.
The gnoll hits you from afar with a +0 spear.
You die...

.........##... ...#..
..........###. ..#..
..........#### #....
........%....
...######.....).... #
#.....##.....##### .
#. #.....#.......#
#...#.#%<...........#
#....@b...#.......###
###g|#..>.............
#...##....###...######
#...#. #....# #####
.'# . #....# . #.
#....# # #....# #.####
..


You could see a gnoll and a bat.

Vanquished Creatures
  A black bear (D:3)
  Terence (D:2)
  Jessica (D:2)
  An adder (D:3)
  A worm (D:2)
  3 dart slugs
  An orc (D:3)
  14 endoplasms
  5 giant cockroaches
  3 goblins
  6 hobgoblins
  3 jackals (D:1)
  9 kobolds
  3 quokkas
  7 ball pythons (D:1)
  4 bats
  3 frilled lizards
  6 rats
72 creatures vanquished.

Notes
Turn   | Place    | Note
-------+----------+-------------------------------------------
     0 | D:1      | qw the Minotaur Hexslinger began the quest for the Orb.
     0 | D:1      | Reached XP level 1. HP: 16/16 MP: 1/1
     0 | D:1      | 0 ||| qw: Version: 0.3-a-52-g30416fa
     0 | D:1      | 0 ||| qw: Game counter: 5503
     0 | D:1      | 0 ||| qw: Melee chars always use a shield: true
     0 | D:1      | 0 ||| qw: God list: Okawaru
     0 | D:1      | 0 ||| qw: Allow faded altars: false
     0 | D:1      | 0 ||| qw: Do Orc after clearing Dungeon:15 true
     0 | D:1      | 0 ||| qw: Do second Lair branch before Depths: true
     0 | D:1      | 0 ||| qw: Lair rune preference: random
     0 | D:1      | 0 ||| qw: Goals: Normal
     0 | D:1      | 0 ||| PLANNING D:1-11
    42 | D:1      | Reached skill level 3 in Ranged Weapons
    78 | D:1      | Reached XP level 2. HP: 23/23 MP: 2/2
   424 | D:1      | Reached XP level 3. HP: 29/29 MP: 3/3
   612 | D:1      | Reached skill level 4 in Ranged Weapons
   818 | D:1      | 818 ||| READING scroll labelled BEYVOGR QI XUI.
   819 | D:1      | 819 ||| READING 3 scrolls labelled IKYUZUYSOT.
   820 | D:1      | 820 ||| READING scroll labelled WECZOU NIPN.
   821 | D:1      | 821 ||| DRINKING 2 pink potions.
   822 | D:1      | 822 ||| READING 2 scrolls of identify.
   822 | D:1      | 822 ||| IDENTIFYING murky pink potion
   823 | D:1      | 823 ||| DROPPING scroll of poison.
   968 | D:2      | 968 ||| FLEEEEING.
  1284 | D:2      | Reached XP level 4. HP: 36/36 MP: 4/4
  1324 | D:2      | Noticed Terence
  1334 | D:2      | Killed Terence
  1335 | D:2      | Reached skill level 5 in Ranged Weapons
  1350 | D:2      | 1350 ||| FLEEEEING.
  1475 | D:2      | Noticed Jessica
  1478 | D:2      | Killed Jessica
  1479 | D:2      | Reached skill level 3 in Fighting
  1698 | D:2      | 1698 ||| UPGRADING to +0 ring mail.
  1708 | D:2      | 1708 ||| DROPPING +0 robe.
  1709 | D:2      | 1709 ||| READING scroll labelled QUJASHELOV.
  1710 | D:2      | 1710 ||| READING scroll labelled QINYSA EZAI.
  1811 | D:2      | 1811 ||| DRINKING 2 ruby potions.
  1812 | D:2      | 1812 ||| READING 2 scrolls of identify.
  1812 | D:2      | 1812 ||| IDENTIFYING emerald potion
  1813 | D:2      | 1813 ||| DROPPING potion of degeneration.
  1873 | D:3      | Noticed a black bear
  1882 | D:3      | HP: 7/38 [black bear (4)]
  1883 | D:3      | 1883 ||| DRINKING potion of heal wounds.
  1884 | D:3      | HP: 2/38 [black bear (5)]
  1885 | D:3      | Killed a black bear
  1886 | D:3      | Reached skill level 3 in Armour
  1886 | D:3      | Reached XP level 5. HP: 2/45 MP: 5/5
  1900 | D:3      | 1900 ||| FLEEEEING.
  2137 | D:3      | HP: 11/45 [gnoll/+0 spear (3)]
  2142 | D:3      | HP: 3/45 [gnoll/+0 spear (5)]
  2143 | D:3      | Slain by a gnoll

Levels and vault maps discovered:
D:1:      wander_arrival_lonely_grave, layout_loops_ring,
          minmay_shallow_snake_nest
D:2:      layout_loops_ring, grunt_ministairs_6, serial_park_tiny_pond,
          uniq_jessica, uniq_terence
D:3:      layout_rooms, kiku_gazebo_pond_becter, nicolae_eternal_life,
          minmay_fractal_squares_diagonal_5

Skill      XL: |  1  2  3  4 |
---------------+-------------+-----
Ranged Weapons | 3 4 5 |  5.2
Fighting       | 2 3 |  3.0
Armour         | 3 |  3.2
Dodging        | |  2.1
Spellcasting   | |  1.0
Hexes          | |  2.0

Action                     |  1- 3 |  4- 6 || total
---------------------------+-------+-------++-------
   Fire: Sling             |   145 |    75 ||   220
    Use: Scroll            |     4 |     3 ||     7
         Potion            |     1 |     2 ||     3
 Armour: Robe              |    13 |       ||    13
         Ring mail         |       |    28 ||    28
  Dodge: Dodged            |    31 |    32 ||    63

Table legend:
 A = Non-vault XP
 B = Vault XP
 C = Vault XP percentage of total XP
 D = Non-vault monster count
 E = Vault monster count
 F = Vault count percentage of total count
                 A         B        C        D         E       F
            +---------+---------+-------+---------+---------+-------
      Total |     249 |      89 |  26.3 |      61 |      11 |  15.3
            +---------+---------+-------+---------+---------+-------
        D:1 |      63 |       4 |   6.0 |      36 |       3 |   7.7
        D:2 |      40 |      78 |  66.1 |      19 |       4 |  17.4
        D:3 |     146 |       7 |   4.6 |       6 |       4 |  40.0
            +---------+---------+-------+---------+---------+-------
